 Dungeon Crawl Stone Soup version 0.28.0 (webtiles) character file.

Game seed: 1628335762726171895

151224 browni3141 the Severer (level 17, -9/166 HPs)
             Began as a Minotaur Berserker on Feb 18, 2022.
             Was a High Priest of Trog.
             Killed from afar by a salamander tyrant (16 damage)
             ... with a flame surge
             ... on level 4 of the Snake Pit.
             The game lasted 00:25:21 (28525 turns).

browni3141 the Severer (Minotaur Berserker)        Turns: 28525, Time: 00:25:22

Health: -9/166     AC: 25    Str: 28    XL:     17   Next: 0%
Magic:  25/25      EV: 15    Int:  7    God:    Trog [*****.]
Gold:   780        SH: 27    Dex: 22    Spells: 16/16 levels left

rFire   + . .      SeeInvis .   U - +7 war axe (flame)
rCold   + + .      Faith    .   y - +1 tower shield {rC+ rF+}
rNeg    + . .      Spirit   .   x - +9 ring mail of the Original Sin {*Slow +Blink rN+ Will+}
rPois   +          Reflect  +   a - +2 hat {Int+3}
rElec   .          Harm     .   J - +0 cloak
rCorr   .          Rampage  .   l - +0 pair of gloves
Will    +++++                   z - +1 pair of boots
Stlth   +.........              K - amulet "Ines Tiu" {Reflect rC+ Regen+ Dex+4 SH+5}
HPRegen 2.17/turn               P - ring of poison resistance {@f3}
MPRegen 0.19/turn               D - ring "Vophuf" {Will+ MP+9 Dex+6}

@: weakened, strong-willed, on berserk cooldown, regenerating, slowed, very slow
A: horns 2, retaliatory headbutt
a: Renounce Religion, Evoke Blink, Berserk, Trog's Hand, Brothers in Arms


You were on level 4 of the Snake Pit.
You worshipped Trog.
Trog was extremely pleased with you.
You visited 4 branches of the dungeon, and saw 27 of its levels.
You visited 1 bazaar.

You collected 2140 gold pieces.
You spent 1360 gold pieces at shops.


Innate Abilities, Weirdness & Mutations

You have a pair of horns on your head.
You reflexively headbutt those who attack you in melee.


   Skills:
 * Level 18.4 Fighting
 - Level 20.8 Axes
 - Level 16.1 Armour
 - Level 8.0 Dodging
 * Level 14.5 Shields
 - Level 8.0 Evocations


You had 16 spell levels left.
You didn't know any spells.
Your spell library was empty.

Inventory:

Hand Weapons
 U - a +7 war axe of flaming (weapon)
Missiles
 w - 2 throwing nets
 T - 2 curare-tipped darts (quivered) {@f4}
Armour
 a - a +2 hat of intelligence (worn)
 l - a +0 pair of gloves (worn)
 x - the +9 ring mail of the Original Sin (worn) {*Slow +Blink rN+ Will+}
   (You took it off an orc on level 6 of the Dungeon)

   rN:        It protects you from negative energy.
   +Blink:    It lets you blink.
   *Slow:     It may slow you when you take damage.
   Will:      It increases your willpower.
 y - a +1 tower shield of resistance (worn)
 z - a +1 pair of boots (worn)
 G - a +3 plate armour
 J - a +0 cloak (worn)
Jewellery
 v - a ring of see invisible
 C - a ring of ice
 D - the ring "Vophuf" (right hand) {Will+ MP+9 Dex+6}
   (You bought it in a shop on level 8 of the Dungeon)

   [ring of dexterity]

   Dex:       It affects your dexterity (+6).
   MP:        It affects your magic capacity (+9).
   Will:      It increases your willpower.
 F - a ring of fire
 K - the amulet "Ines Tiu" (around neck) {Reflect rC+ Regen+ Dex+4 SH+5}
   (You found it on level 8 of the Dungeon)

   [amulet of reflection]

   It reflects blocked missile attacks.
   Dex:       It affects your dexterity (+4).
   rC:        It protects you from cold.
   Regen:     It increases your rate of health regeneration.
   SH:        It affects your SH (+5).
 P - a ring of poison resistance (left hand) {@f3}
Wands
 m - a wand of iceblast (12)
 E - a wand of acid (8)
 H - a wand of paralysis (10)
 Q - a wand of flame (43)
 R - a wand of digging (8)
Scrolls
 c - 4 scrolls of vulnerability {!r}
 d - 6 scrolls of immolation {!r}
 e - 4 scrolls of fear
 i - 14 scrolls of teleportation {@r4}
 j - 5 scrolls of enchant weapon
 o - a scroll of fog {@r5}
 p - 7 scrolls of blinking {@r3}
 u - 7 scrolls of enchant armour
 N - 3 scrolls of torment {!r}
 V - a scroll of magic mapping
 W - 2 scrolls of noise {!r}
 X - 2 scrolls of summoning
 Z - 7 scrolls of identify {@r1}
Potions
 b - 4 potions of resistance
 f - 9 potions of curing {@q1}
 h - 4 potions of lignification {!q}
 k - a potion of ambrosia
 n - 4 potions of invisibility
 q - 4 potions of heal wounds {@q2}
 r - 3 potions of mutation {!q}
 s - 4 potions of attraction {!q}
 t - 5 potions of haste {@q3}
 A - 2 potions of might
 B - 6 potions of flight
 I - 2 potions of berserk rage {!q}
 L - 2 potions of cancellation
Miscellaneous
 g - a box of beasts
 M - a phantom mirror (inert)
 O - a phial of floods
 S - a lightning rod (4/4)

Dungeon Overview and Level Annotations

Branches:
Dungeon (15/15)            Temple (0/1) D:6            Lair (6/6) D:10
 Shoals (0/4) Lair:3        Snake (4/4) Lair:3        Slime (0/5) Lair:6
    Orc (2/2) D:9             Elf (0/3) Orc:2        Vaults (0/5) D:13
 Depths (0/4) D:15

Altars:
Hepliaklqana
Makhleb
Okawaru
Beogh
Lugonu

Shops:
D:2 *   D:8 =   D:9 :   Orc:2 [[?[

Portals:
Abyss: Lair:6

Annotations:
D:11 2 transporters, dangerrune1's ghost, journeyman GrEE ....NN....¦¦¦ #.....N.... ....N¦¦¦¦¦¦ #...####### .....¦ #...# ...NN¦ #...# ### ...≈.¦ #...# ###.# ..)..¦ ¦¦¦¦¦¦¦¦

#...###....
....N¦¦¦¦¦¦......¦¦¦¦¦¦...##.....
.........N......≈≈....))).##.....
.#.........N....@.........##.....
....[....N...N.≈≈....)....#######
..................¦¦¦¦¦...##.....
.....¦¦¦¦¦......¦¦¦ #...#.###''
.....¦


¦¦¦¦¦¦¦¦ #...#.#.... .....¦ #..)#.+.... .....¦ #.#.#.###'# ....¦¦ #...#......
....¦ #...##..... You could see 2 salamander tyrants, a salamander mystic and a
naga.


Message History

You feel as though you will be weak longer.
Your salamander tyrant shimmers and vanishes!
The salamander tyrant gazes fiercely through you!
You feel as though you will be weak longer.
You see here a +0 war axe.
Your skin crawls.
You feel strong-willed.
The salamander tyrant rends the earth beneath you!
The blast of magma engulfs you!! You partially resist.
* * * LOW HITPOINT WARNING * * *
The salamander tyrant calls gouts of flame from the lava!
The flame surge hits you! You resist.
* * * LOW HITPOINT WARNING * * *
You are too injured to fight recklessly!
Throw: 3 darts (curare) {@f4}
Press: ? - help, Q - select action, (/) - cycle Shift-Dir - straight line, f/p - salamander tyrant
Aim: a salamander tyrant (moderately wounded, weak, 79% to hit)
You throw a curare-tipped dart {@f4}.
The curare-tipped dart {@f4} hits the salamander tyrant.
The salamander tyrant is poisoned.
The salamander tyrant convulses.
The salamander tyrant seems to slow down.
The salamander tyrant is moderately wounded.
The salamander mystic casts a spell at the salamander tyrant.
The salamander tyrant seems to speed up.
The salamander tyrant calls gouts of flame from the lava!
The flame surge hits you. You resist.
* * * LOW HITPOINT WARNING * * *
The salamander tyrant calls gouts of flame from the lava!
The flame surge hits you! You resist.
You die...

Skill      XL: |  1  2  3  4  5  6  7  8  9 10 11 12 13 14 15 16 |
---------------+-------------------------------------------------+-----
Axes           | 4 5 6 7 8 10 12 14 16 18 20 | 20.8
Fighting       | 4 5 6 7 9 10 12 13 15 16 18 | 18.4
Armour         | 3 4 5 6 7 9 10 12 13 14 15 16 | 16.1
Shields        | 6 11 14 | 14.5
Evocations     | 5 8 |  8.0
Dodging        | 6 8 |  8.0

Action                   |  1- 3 |  4- 6 |  7- 9 | 10-12 | 13-15 | 16-18 || total
-------------------------+-------+-------+-------+-------+-------+-------++-------
Melee: Hand axe          |    82 |    80 |   111 |       |       |       ||   273
       Headbutt          |    10 |     9 |    40 |    80 |   246 |    94 ||   479
       Punch             |     2 |     1 |     3 |     1 |     9 |       ||    16
       Battleaxe         |       |       |    67 |   227 |       |       ||   294
       War axe           |       |       |       |   144 |   928 |   351 ||  1423
Throw: Dart              |       |       |       |       |     1 |     1 ||     2
Invok: Berserk           |       |     3 |     4 |    11 |    21 |    19 ||    58
       Trog's Hand       |       |       |       |     3 |     1 |     2 ||     6
       Brothers in Arms  |       |       |       |     1 |       |       ||     1
Evoke: Wand              |       |       |       |     1 |       |     8 ||     9
       Phantom mirror    |       |       |       |       |       |     2 ||     2
  Use: Scroll            |       |     1 |     3 |    19 |     3 |     1 ||    27
       Potion            |       |       |       |       |       |     1 ||     1
 Stab: Paralysed         |       |       |       |     1 |       |       ||     1
Armor: Animal skin       |     7 |       |       |       |       |       ||     7
       Scale mail        |    13 |    20 |    23 |       |       |       ||    56
       Chain mail        |       |       |    11 |       |       |       ||    11
       Ring mail         |       |       |    25 |   180 |   320 |   102 ||   627
Dodge: Dodged            |    59 |    45 |   124 |   299 |   426 |   128 ||  1081
Block: Other             |       |       |       |    80 |    46 |       ||   126
       Reflection        |       |       |       |     1 |    68 |   101 ||   170
       Kite shield       |       |       |       |       |   541 |    76 ||   617
       Tower shield      |       |       |       |       |       |   463 ||   463

Levels and vault maps discovered:
D:1:      dpeg_arrival_arbitrary_a, layout_basic
D:2:      layout_loops_ring, serial_shops,
          nicolae_shop_competitors_out_of_business,
          dreamdust_ecumenical_altar_statues, minmay_rat_gold_closets
D:3:      layout_rooms, ebering_ghost_rock_garden
D:4:      layout_cave_pools
D:5:      layout_cave_pods, grunt_decor_mini_mirrors
D:6:      layout_basic, temple_green, minmay_misc_feat_tiny,
          kennysheep_generic_room_4
D:7:      cheibrodos_fzero, layout_basic
D:8:      layout_basic, serial_shops, shop
D:9:      layout_roguey, okawaru_ov_weapons_minmay, david_orc_5, serial_shops,
          shop, uniq_erolcha
D:10:     layout_irregular_city, lair_entry_dummy
D:11:     layout_stronghold, serial_rivers, chequers_serial_rivers_small_a,
          chequers_serial_rivers_large_a, chequers_serial_rivers_micro_c,
          chequers_serial_rivers_small_b, chequers_serial_rivers_micro_c,
          gammafunk_ghost_stat_death, nzn_hepliaklqana_mist_gate
D:12:     layout_loops_cross, makhleb_altar_promises_db, uniq_kirke, uniq_snorg,
          uniq_nessos
D:13:     layout_loops_ring, ximxim_vaults_locker_room, special_room
          [special_room_orc]
D:14:     layout_roguey, serial_shops, bzr_entry_road, minivault_24
D:15:     hangedman_depths_entry_civil_slaughter, layout_gridville
Lair:1:   layout_cave_pods
Lair:2:   layout_regular_city, grunt_megastairs_5, uniq_fannar, uniq_maggie,
          uniq_sonja
Lair:3:   layout_gridlike, elwin_shoals_entry_stream,
          minmay_snake_entry_guardpost_small
Lair:4:   layout_regular_city
Lair:5:   layout_long_grid
Lair:6:   hellmonk_lair_end_abyssal_woods, layout_loops_ring,
          minmay_slime_entry_jelly_boxes, basic_altar, roderic_batcave
Snake:1:  layout_rooms
Snake:2:  layout_rooms
Snake:3:  layout_onion, nicolae_snake_serpentine_hallways, grunt_megastairs_4
Snake:4:  minmay_snake_end_coiled, layout_cave_town, basic_altar,
          abandoned_shop, uniq_vashnia
Orc:1:    layout_caves, portal_ice_cave_entry_ice_simulacra
Orc:2:    st_orc_town, layout_caves

Notes
Turn   | Place    | Note
-------+----------+-------------------------------------------
     0 | D:1      | browni3141 the Minotaur Berserker began the quest for the
                  | Orb.
     0 | D:1      | Reached XP level 1. HP: 19/19 MP: 0/0
   517 | D:1      | Reached skill level 4 in Axes
   517 | D:1      | Reached XP level 2. HP: 27/27 MP: 1/1
   608 | D:1      | Reached skill level 4 in Fighting
   769 | D:1      | Reached skill level 3 in Armour
   806 | D:1      | Reached XP level 3. HP: 30/33 MP: 2/2
  1614 | D:2      | Found a faded altar of an unknown god.
  1777 | D:2      | Reached ** piety under Trog
  1778 | D:2      | Reached XP level 4. HP: 41/41 MP: 3/3
  1825 | D:2      | Found Wat Fadwasm's General Store.
  1831 | D:2      | Bought a scroll of identify for 26 gold pieces
  1831 | D:2      | Bought a scroll of teleportation for 39 gold pieces
  1997 | D:2      | Reached skill level 5 in Axes
  2286 | D:3      | You fall into a shaft and drop 2 floors!
  2286 | D:5      | Entered Level 5 of the Dungeon
  2307 | D:5      | Reached XP level 5. HP: 33/47 MP: 4/4
  2507 | D:3      | Reached skill level 4 in Armour
  2508 | D:3      | Reached skill level 6 in Axes
  2513 | D:3      | Reached skill level 5 in Fighting
  2513 | D:3      | Reached XP level 6. HP: 56/56 MP: 5/5
  2585 | D:3      | Noticed a water moccasin
  2589 | D:3      | Killed a water moccasin
  2599 | D:3      | Reached skill level 7 in Axes
  2603 | D:3      | Reached *** piety under Trog
  2767 | D:3      | Found a runed translucent gate.
  2767 | D:3      | Found a runed translucent gate.
  2794 | D:3      | Found a runed translucent gate.
  2794 | D:3      | Noticed aubilenon's ghost (amateur GrFi)
  2803 | D:3      | Killed aubilenon's ghost
  2804 | D:3      | Reached skill level 5 in Armour
  2804 | D:3      | Reached XP level 7. HP: 62/62 MP: 6/6
  3071 | D:4      | Reached skill level 6 in Fighting
  3228 | D:4      | Reached skill level 8 in Axes
  3768 | D:5      | Reached skill level 6 in Armour
  3768 | D:5      | Reached XP level 8. HP: 61/71 MP: 7/7
  3972 | D:5      | Reached skill level 9 in Axes
  4111 | D:5      | Reached skill level 7 in Fighting
  4861 | D:6      | Reached skill level 10 in Axes
  4873 | D:6      | Reached skill level 7 in Armour
  5038 | D:6      | Identified the +9 ring mail of the Original Sin {*Slow
                  | +Blink rN+ Will+}
  5093 | D:6      | Found a staircase to the Ecumenical Temple.
  5289 | D:6      | Reached XP level 9. HP: 81/81 MP: 8/8
  5300 | D:6      | Reached skill level 8 in Fighting
  5406 | D:6      | Reached **** piety under Trog
  5561 | D:6      | Reached skill level 11 in Axes
  5880 | D:7      | Noticed a komodo dragon
  5881 | D:7      | Noticed a gargoyle
  5888 | D:7      | Reached skill level 8 in Armour
  5890 | D:7      | Killed a komodo dragon
  5892 | D:7      | Killed a gargoyle
  5893 | D:7      | Reached skill level 9 in Fighting
  5893 | D:7      | Reached skill level 12 in Axes
  6144 | D:7      | Reached skill level 9 in Armour
  6477 | D:7      | Reached XP level 10. HP: 91/91 MP: 9/9
  7247 | D:8      | Found Hisy's Jewellery Boutique.
  7368 | D:8      | Identified the amulet "Ines Tiu" {Reflect rC+ Regen+ Dex+4
                  | SH+5}
  7638 | D:9      | Noticed Erolcha
  7650 | D:9      | Killed Erolcha
  7651 | D:9      | Reached skill level 13 in Axes
  8128 | D:9      | Reached skill level 10 in Fighting
  8175 | D:9      | Found a staircase to the Orcish Mines.
  8182 | D:9      | Noticed a cyclops
  8193 | D:9      | Killed a cyclops
  8194 | D:9      | Reached skill level 10 in Armour
  8237 | D:9      | Reached skill level 14 in Axes
  8365 | D:9      | Found Raerch's Book Shop.
  8456 | D:9      | Reached XP level 11. HP: 101/101 MP: 10/10
  8466 | D:9      | Reached ***** piety under Trog
  8556 | D:9      | Found an iron altar of Okawaru.
  8597 | D:9      | Identified the +1 leather armour of Valour {Stlth+}
  8742 | D:10     | Entered Level 10 of the Dungeon
  8786 | D:10     | Found a staircase to the Lair.
  8797 | D:10     | Reached skill level 11 in Fighting
  9260 | D:10     | Reached skill level 15 in Axes
  9431 | Lair:1   | Entered Level 1 of the Lair of Beasts
  9541 | Lair:1   | Reached skill level 11 in Armour
  9782 | Lair:1   | Noticed a seven-headed hydra
  9794 | Lair:1   | Killed a 15-headed hydra
 10507 | Lair:2   | Noticed Sonja
 10507 | Lair:2   | Noticed an eight-headed hydra
 10516 | Lair:1   | Reached skill level 16 in Axes
 10731 | Lair:2   | Noticed Maggie
 10759 | Lair:1   | Killed an 11-headed hydra
 10760 | Lair:1   | Reached skill level 12 in Fighting
 10953 | Lair:2   | Killed Sonja
 10954 | Lair:2   | Killed Maggie
 11264 | Lair:2   | Reached skill level 12 in Armour
 11477 | Lair:2   | Noticed Fannar
 11491 | Lair:2   | Killed Fannar
 11492 | Lair:2   | Reached XP level 12. HP: 113/113 MP: 11/11
 12111 | Lair:3   | Reached skill level 17 in Axes
 12300 | Lair:3   | Found a staircase to the Shoals.
 12402 | Lair:3   | Reached skill level 13 in Fighting
 12506 | Lair:3   | Found a staircase to the Snake Pit.
 12514 | Lair:3   | Reached skill level 13 in Armour
 12521 | Lair:3   | Reached skill level 18 in Axes
 13120 | Lair:4   | Reached XP level 13. HP: 123/123 MP: 12/12
 13777 | Lair:5   | Reached skill level 14 in Fighting
 13781 | Lair:5   | Reached skill level 19 in Axes
 14301 | Lair:5   | Reached skill level 14 in Armour
 14504 | Lair:6   | Entered Level 6 of the Lair of Beasts
 14802 | Lair:6   | Found a hazy altar of Hepliaklqana.
 14867 | Lair:6   | Identified a potion of resistance
 14965 | Lair:6   | Reached skill level 20 in Axes
 15113 | Lair:6   | Reached ****** piety under Trog
 15267 | Lair:6   | Reached skill level 15 in Fighting
 15439 | Lair:6   | Reached XP level 14. HP: 135/135 MP: 13/13
 15449 | Lair:6   | Reached skill level 15 in Armour
 15524 | Lair:6   | Found a corrupted altar of Lugonu.
 15524 | Lair:6   | Found a one-way gate to the infinite horrors of the Abyss.
 15645 | Lair:6   | Received a gift from Trog
 15681 | Lair:6   | Found a staircase to the Slime Pits.
 16147 | Orc:1    | Entered Level 1 of the Orcish Mines
 16171 | Orc:1    | Reached skill level 1 in Shields
 16173 | Orc:1    | Reached skill level 1 in Evocations
 16329 | Orc:2    | Entered Level 2 of the Orcish Mines
 16451 | Orc:2    | Reached skill level 3 in Dodging
 16453 | Orc:2    | Received a gift from Trog
 16456 | Orc:2    | Reached skill level 2 in Shields
 16494 | Orc:2    | Found Fuonousi's Magic Scroll Shop.
 16507 | Orc:2    | Bought a scroll of teleportation for 45 gold pieces
 16507 | Orc:2    | Bought a scroll of teleportation for 45 gold pieces
 16512 | Orc:2    | Found Awnoroc's Armour Shoppe.
 16798 | Orc:2    | Found a staircase to the Elven Halls.
 16841 | Orc:1    | Reached skill level 2 in Evocations
 16936 | Orc:1    | Reached skill level 3 in Shields
 17020 | Orc:1    | Identified the +8 battleaxe "Jily" {flame, rC+ Dex+4} (Trog
                  | gifted it to you on level 1 of the Orcish Mines)
 17020 | Orc:1    | Received a gift from Trog
 17095 | Orc:1    | Reached skill level 4 in Dodging
 17326 | Orc:2    | Found Uruyfecy's Armour Shop.
 17444 | Orc:2    | Found Pali's Antique Armour Shoppe.
 17565 | Orc:2    | Bought a +0 pair of boots for 45 gold pieces
 17757 | D:8      | Bought the ring "Vophuf" {Will+ MP+9 Dex+6} for 900 gold
                  | pieces
 17883 | D:11     | Found a transporter.
 17892 | D:11     | Noticed dangerrune1's ghost (journeyman GrEE)
 17963 | D:11     | Reached skill level 4 in Shields
 18142 | D:11     | Found a hazy altar of Hepliaklqana.
 18228 | D:11     | Reached skill level 3 in Evocations
 18486 | D:11     | Found a transporter.
 18851 | D:12     | Reached skill level 5 in Dodging
 18853 | D:12     | Noticed Kirke
 18864 | D:12     | Killed Kirke
 18865 | D:12     | Reached skill level 5 in Shields
 19072 | D:12     | Noticed Snorg
 19085 | D:12     | Killed Snorg
 19086 | D:12     | Reached skill level 4 in Evocations
 19389 | D:12     | Noticed Nessos
 19393 | D:12     | Killed Nessos
 19527 | D:12     | Found a burning altar of Makhleb.
 19527 | D:12     | Noticed an Executioner
 19803 | D:13     | Reached skill level 6 in Dodging
 19803 | D:13     | Reached skill level 6 in Shields
 19803 | D:13     | Received a gift from Trog
 20229 | D:13     | Reached skill level 5 in Evocations
 20394 | D:13     | Reached XP level 15. HP: 141/141 MP: 14/14
 20425 | D:13     | Reached skill level 7 in Shields
 20640 | D:13     | Reached skill level 7 in Dodging
 20647 | D:13     | Found a gate to the Vaults.
 21171 | D:14     | Found a flickering gateway to a bazaar.
 21181 | Bazaar   | Entered a bazaar
 21181 | Bazaar   | Found Ivyatwo's Antique Armour Shoppe.
 21181 | Bazaar   | Found Guimynut's Jewellery Emporium.
 21183 | Bazaar   | Found Linatut's Weapon Shoppe.
 21199 | Bazaar   | Found Cotoh's Jewellery Emporium.
 21242 | Bazaar   | Bought a ring of poison resistance for 260 gold pieces
 21598 | D:15     | Entered Level 15 of the Dungeon
 21823 | D:15     | Received a gift from Trog
 21824 | D:15     | Reached skill level 6 in Evocations
 21827 | D:15     | Reached skill level 8 in Shields
 21976 | D:15     | Reached skill level 8 in Dodging
 22012 | D:15     | Reached skill level 9 in Shields
 22045 | D:15     | Found a staircase to the Depths.
 22189 | D:15     | Reached skill level 7 in Evocations
 22901 | Snake:1  | Entered Level 1 of the Snake Pit
 23325 | Snake:1  | Reached skill level 10 in Shields
 23342 | Snake:1  | Reached skill level 8 in Evocations
 24112 | Snake:1  | Received a gift from Trog
 24578 | Snake:2  | Reached skill level 11 in Shields
 24682 | Snake:2  | Reached skill level 16 in Fighting
 24688 | Snake:2  | Reached XP level 16. HP: 151/151 MP: 15/15
 25045 | Snake:3  | Reached skill level 16 in Armour
 25062 | Snake:3  | Identified a +1 tower shield of resistance
 25883 | Snake:3  | Reached skill level 12 in Shields
 26331 | Snake:3  | Reached skill level 17 in Fighting
 26810 | Snake:3  | Received a gift from Trog
 26811 | Snake:3  | Reached skill level 13 in Shields
 27221 | Snake:4  | Entered Level 4 of the Snake Pit
 27311 | Snake:4  | Noticed Vashnia
 27735 | Snake:4  | Killed Vashnia
 27944 | Snake:4  | Reached skill level 18 in Fighting
 27994 | Snake:4  | Reached skill level 14 in Shields
 28409 | Snake:4  | Found a burning altar of Makhleb.
 28482 | Snake:4  | Received a gift from Trog
 28502 | Snake:4  | Reached XP level 17. HP: 148/166 MP: 16/16
 28512 | Snake:4  | HP: 9/166 [salamander tyrant (40)]
 28524 | Snake:4  | HP: 7/166 [salamander tyrant/flame surge (11)]
 28525 | Snake:4  | Killed from afar by a salamander tyrant

Vanquished Creatures
  Vashnia (Snake:4)
  Kirke (D:12)
  2 nagarajas (Snake:4)
  Nessos (D:12)
  An ettin (D:15)
  Snorg (D:12)
  14 naga warriors
  2 salamander tyrants
  3 vault guards (D:13)
  Erolcha (D:9)
  7 hydras
  Fannar (Lair:2)
  4 boulder beetles
  2 catoblepae (Lair:6)
  3 centaur warriors (D:13)
  3 anacondas
  2 two-headed ogres
  2 tengu warriors (D:15)
  11 naga sharpshooters
  3 thrashing horrors (Lair:6)
  6 shock serpents
  Sonja (Lair:2)
  5 salamander mystics
  2 deep trolls (D:15)
  3 skeletal warriors (D:15)
  4 naga ritualists
  A large abomination (Lair:6)
  A deep elf pyromancer (D:15)
  2 wizards (D:15)
  5 ugly things
  8 mana vipers
  2 orc knights
  5 cyclopes
  3 manticores
  20 salamanders
  8 orc sorcerers
  15 naga magi
  41 black mambas
  15 elephants
  2 smoke demons (Lair:6)
  4 guardian serpents
  3 rime drakes
  4 gargoyles
  A torpor snail (Lair:6)
  2 rime drakes (shapeshifter) (Lair:6)
  2 freezing wraiths (D:15)
  Maggie (Lair:2)
  15 cane toads
  An efreet (D:14)
  2 unseen horrors (D:11)
  A yaktaur (shapeshifter) (D:15)
  A kobold demonologist (D:14)
  5 yaktaurs (D:15)
  4 komodo dragons
  A polar bear (Lair:6)
  3 ancient zymes (Lair:6)
  A queen bee (shapeshifter) (Lair:6)
  9 trolls
  3 meliai (D:15)
  6 slime creatures
  A hornet (D:9)
  27 blink frogs
  A meliai zombie (D:11)
  10 dream sheep
  2 vampires
  2 hogs (D:12)
  4 wraiths
  4 wyverns
  31 yaks
  A culicivora (shapeshifter) (D:15)
  7 humans (D:13)
  5 basilisks
  A steam dragon (Lair:3)
  4 vampire mosquitoes (D:11)
  A chaos spawn (Lair:6)
  A death yak simulacrum (Orc:1)
  7 wargs
  The ghost of aubilenon the Skirmisher, an amateur GrFi (D:3)
  47 nagas
  An acid dragon (D:13)
  13 water moccasins
  4 sky beasts
  A hornet zombie (D:7)
  2 necrophages
  An ice beast (D:7)
  20 orc warriors
  3 black bears
  11 wolves
  4 boggarts (D:14)
  10 centaurs
  9 ogres
  A phantom (D:5)
  A kobold brigand (D:9)
  14 bullfrogs
  4 scorpions
  2 two-headed ogre simulacra (Orc:1)
  A water moccasin zombie (D:5)
  A water moccasin skeleton (D:4)
  2 elephant simulacra (Orc:1)
  A howler monkey (D:12)
  6 wights
  3 vampire bats (Lair:6)
  A bullfrog zombie (D:5)
  6 centaur zombies
  A bullfrog skeleton (D:4)
  3 hounds
  15 jellies
  14 orc priests
  3 gnoll shamans
  2 iguanas (D:5)
  48 orc wizards
  10 small abominations (Lair:6)
  2 troll simulacra (Orc:1)
  2 howler monkey zombies
  5 gnolls
  11 adders
  A naga simulacrum (Orc:1)
  2 shadow imps
  3 worms
  2 dart slugs
  89 orcs
  9 ball pythons
  8 endoplasms
  A giant cockroach (D:3)
  5 goblins
  11 hobgoblins
  7 jackals
  10 kobolds
  3 quokkas
  11 bats
  4 frilled lizards
  12 rats
856 creatures vanquished.

Vanquished Creatures (collateral kills)
  4 merfolk sirens (Lair:3)
4 creatures vanquished.

Vanquished Creatures (others)
  A vault guard (D:13)
  A human (D:13)
  A naga (Snake:2)
  An orc wizard (Orc:2)
  An orc (Orc:2)
  16 fungi
  18 plants
39 creatures vanquished.

Grand Total: 899 creatures vanquished

Table legend: (Time is in decaauts)
 A = Elapsed time spent in this place.
 B = Non-inter-level travel time spent in this place.
 C = Inter-level travel time spent in this place.
 D = Time resting spent in this place.
 E = Time spent auto-exploring this place.
 F = Levels seen in this place.
 G = Mean time per level.
                   A        B        C        D        E       F      G
               +--------+--------+--------+--------+--------+-----+--------+
         Total |  28877 |  27526 |   1351 |   6359 |  16251 |  28 | 1031.3 |
       Dungeon |  14703 |  13975 |    728 |   2036 |   9640 |  15 |  980.2 |
          Lair |   6710 |   6286 |    424 |   1347 |   3869 |   6 | 1118.3 |
     Snake Pit |   5812 |   5722 |     90 |   2675 |   1834 |   4 | 1453.0 |
  Orcish Mines |   1581 |   1474 |    107 |    301 |    890 |   2 |  790.5 |
        Bazaar |     69 |     69 |      0 |      0 |     18 |   1 |   69.0 |
               +--------+--------+--------+--------+--------+-----+--------+

Top non-repeatable levels by time:
 Snake:3: 2228 daAuts
 Snake:1: 1632 daAuts
     D:1: 1566 daAuts
  Lair:1: 1534 daAuts
  Lair:6: 1394 daAuts
     D:5: 1285 daAuts
     D:8: 1280 daAuts
  Lair:2: 1177 daAuts
    D:15: 1147 daAuts
     D:6: 1133 daAuts
    D:13: 1091 daAuts
    D:12: 1003 daAuts
    D:11: 994 daAuts
 Snake:4: 989 daAuts
   Orc:2: 972 daAuts

Table legend:
 A = Non-vault XP
 B = Vault XP
 C = Vault XP percentage of total XP
 D = Non-vault monster count
 E = Vault monster count
 F = Vault count percentage of total count
                 A         B        C        D         E       F
            +---------+---------+-------+---------+---------+-------
      Total |  157409 |   58626 |  27.1 |     610 |     251 |  29.2
            +---------+---------+-------+---------+---------+-------
        D:1 |      56 |       0 |   0.0 |      24 |       0 |   0.0
        D:2 |      55 |       8 |  12.7 |      22 |       8 |  26.7
        D:3 |     426 |     167 |  28.2 |      32 |       1 |   3.0
        D:4 |     432 |       0 |   0.0 |      19 |       0 |   0.0
        D:5 |     979 |       0 |   0.0 |      19 |       0 |   0.0
        D:6 |    1277 |       0 |   0.0 |      20 |       0 |   0.0
        D:7 |     612 |    1666 |  73.1 |      17 |      14 |  45.2
        D:8 |     578 |     130 |  18.4 |       9 |       1 |  10.0
        D:9 |    3578 |    1781 |  33.2 |      26 |      22 |  45.8
       D:10 |    1444 |       0 |   0.0 |       7 |       0 |   0.0
       D:11 |    4244 |       0 |   0.0 |      24 |       0 |   0.0
       D:12 |    2942 |    3699 |  55.7 |       8 |       5 |  38.5
       D:13 |    7658 |    5574 |  42.1 |      16 |      34 |  68.0
       D:14 |    4907 |       0 |   0.0 |      13 |       0 |   0.0
       D:15 |   13721 |    4218 |  23.5 |      28 |       6 |  17.6
     Lair:1 |    5963 |       0 |   0.0 |      21 |       0 |   0.0
     Lair:2 |    1616 |    2013 |  55.5 |       7 |       3 |  30.0
     Lair:3 |    9014 |    2473 |  21.5 |      27 |       8 |  22.9
     Lair:4 |    6720 |       0 |   0.0 |      22 |       0 |   0.0
     Lair:5 |    7990 |       0 |   0.0 |      22 |       0 |   0.0
     Lair:6 |   12392 |   12237 |  49.7 |      42 |      58 |  58.0
    Snake:1 |   14153 |       0 |   0.0 |      30 |       0 |   0.0
    Snake:2 |   13595 |     864 |   6.0 |      33 |       1 |   2.9
    Snake:3 |   23716 |    5098 |  17.7 |      46 |      11 |  19.3
    Snake:4 |   14632 |   13941 |  48.8 |      28 |      20 |  41.7
      Orc:1 |    4087 |     540 |  11.7 |      38 |       8 |  17.4
      Orc:2 |     622 |    4217 |  87.1 |      10 |      51 |  83.6
            +---------+---------+-------+---------+---------+-------
